 Dungeon Crawl Stone Soup version 0.29-a0-330-g52719c12eb (webtiles) character file.

Game seed: 5066603008125413996

2930 kae the Zephyrmancer (level 9, -10/74 HPs)
             Began as an Ogre Air Elementalist on Apr 12, 2022.
             Was an Initiate of Gozag.
             Mangled by a two-headed ogre
             ... wielding a +0 giant club
              (24 damage)
             ... on level 8 of the Dungeon.
             The game lasted 00:07:50 (11145 turns).

kae the Zephyrmancer (Ogre Air Elementalist)       Turns: 11145, Time: 00:07:51

Health: -10/74     AC: 12    Str: 14    XL:     9   Next: 79%
Magic:  1/20       EV:  9    Int: 25    God:    Gozag
Gold:   768        SH:  0    Dex:  9    Spells: 13/23 levels left

rFire   + + .      SeeInvis +   d - staff of fire
rCold   . . .      Faith    .   (no shield)
rNeg    . . .      Spirit   .   q - +1 robe of Mafri {rF+ Int+5}
rPois   .          Reflect  .   (helmet restricted)
rElec   .          Harm     .   (no cloak)
rCorr   .          Rampage  .   (gloves unavailable)
Will    .....                   (boots unavailable)
Stlth   +.........              i - amulet of the acrobat
HPRegen 0.22/turn               l - ring of the Tortoise {AC+8}
MPRegen 0.17/turn               o - ring of see invisible

@: hasted, very quick
A: large, unfitting armour, tough skin 1
a: Renounce Religion, Potion Petition, Call Merchant, Bribe Branch


You were on level 8 of the Dungeon.
You worshipped Gozag.
Gozag was pleased with you.
You visited 2 branches of the dungeon, and saw 9 of its levels.

You collected 833 gold pieces.
You paid 65 gold pieces to Gozag.

Inventory:

Hand Weapons
 e - a +2 trident of venom
Armour
 a - a +1 robe
 q - the +1 robe of Mafri (worn) {rF+ Int+5}
   (You found it on level 4 of the Dungeon)

   Int:       It affects your intelligence (+5).
   rF:        It protects you from fire.
Magical Staves
 d - a staff of fire (weapon)
Jewellery
 h - an amulet of faith
 i - an amulet of the acrobat (around neck)
 l - the ring of the Tortoise (left hand) {AC+8}
   (You found it on level 2 of the Dungeon)

   [ring of protection]

   AC:        It affects your AC (+8).
 o - a ring of see invisible (right hand)
 v - a ring of protection from cold
 C - a ring of willpower
 D - a ring of protection from fire
Wands
 m - a wand of paralysis (19)
 s - a wand of flame (38)
 x - a wand of iceblast (3)
Scrolls
 g - 5 scrolls of teleportation
 n - a scroll of immolation
 r - a scroll of summoning
 w - a scroll of identify
 y - a scroll of silence
 z - 2 scrolls of magic mapping
 A - a scroll of enchant armour
Potions
 c - 5 potions of mutation
 f - a potion of flight
 j - 2 potions of brilliance
 k - 2 potions of curing
 t - a potion of ambrosia
 u - 2 potions of attraction
 B - a potion of might {unknown}


   Skills:
 - Level 1.7 Dodging
 - Level 1.4 Stealth
 + Level 7.6 Spellcasting
 + Level 6.0 Conjurations
 * Level 9.1 Air Magic


You had 13 spell levels left.
You knew the following spells:

 Your Spells              Type           Power      Damage    Failure   Level
a - Shock                 Conj/Air       100%       1d9       1%          1
b - Static Discharge      Conj/Air       47%        N/A       1%          2
c - Swiftness             Air            53%        N/A       1%          3
d - Airstrike             Air            26%        N/A       1%          4

Your spell library contained the following spells:

 Spells                   Type           Power      Damage    Failure   Level
 Summon Small Mammal      Summ           36%        N/A       6%          1
 Sublimation of Blood     Necr           9%         N/A       10%         2
 Call Canine Familiar     Summ           9%         N/A       19%         3
 Summon Guardian Golem    Hex/Summ       9%         N/A       19%         3
 Irradiate                Conj/Tmut      12%        3d17      45%         5
 Petrify                  Tmut/Erth      9%         N/A       54%         4


Dungeon Overview and Level Annotations

Branches:
Dungeon (8/15)             Temple (1/1) D:4
   Lair: D:8-11

Altars:
Ashenzari
Cheibriados
Dithmenos
Elyvilon
Fedhas
Gozag
Hepliaklqana
Kikubaaqudgha
Makhleb
Nemelex Xobeh
Okawaru
Qazlal
Ru
Sif Muna
Trog
Uskayaw
Vehumet
Wu Jian
Xom
Yredelemnul
Zin
The Shining One

Shops:
D:6 (


Innate Abilities, Weirdness & Mutations

You are too large for most types of armour.
You have tough skin. (AC +1)


Message History

The two-headed ogre is almost dead.
The two-headed ogre hits you with a +0 giant club!!
The two-headed ogre hits you with a +0 giant club!
Casting: Shock (safe; 1% risk of failure)
Confirm with . or Enter, or press ? or * to list all spells.
Aiming: Shock (safe; 1% risk of failure)
Press: ? - help, Shift-Dir - straight line, f/p - two-headed ogre
Aim: a two-headed ogre, wielding two +0 giant clubs (almost dead, 88% to hit)
The zap misses the two-headed ogre.
Casting: Shock (safe; 1% risk of failure)
Confirm with . or Enter, or press ? or * to list all spells.
Aiming: Shock (safe; 1% risk of failure)
Press: ? - help, Shift-Dir - straight line, f/p - two-headed ogre
Aim: a two-headed ogre, wielding two +0 giant clubs (almost dead, 88% to hit)
The zap hits the two-headed ogre.
The two-headed ogre is almost dead.
The two-headed ogre hits you with a +0 giant club!
The two-headed ogre hits you but does no damage.
Casting: Shock (safe; 1% risk of failure)
Confirm with . or Enter, or press ? or * to list all spells.
Aiming: Shock (safe; 1% risk of failure)
Press: ? - help, Shift-Dir - straight line, f/p - two-headed ogre
Aim: a two-headed ogre, wielding two +0 giant clubs (almost dead, 88% to hit)
The zap hits the two-headed ogre.
The two-headed ogre is almost dead.
The two-headed ogre hits you with a +0 giant club!
* * * LOW HITPOINT WARNING * * *
The two-headed ogre hits you with a +0 giant club!
* * * LOW HITPOINT WARNING * * *
Casting: Shock (safe; 1% risk of failure)
Confirm with . or Enter, or press ? or * to list all spells.
You don't have enough magic to cast this spell.
Okay, then.
Okay, then.
Okay, then.
You feel better.
You feel yourself speed up. The two-headed ogre closely misses you.
The two-headed ogre hits you with a +0 giant club!!
You die...
Your body crumbles into a pile of gold.

# #.# #.# #.# #.#
#.# #.# ### #O#
#.# #@# ###.# #.#
#<..# #.# ###.#
#.# #.# #.# #.#
#.# #.#
..########.#####.#
.....)...........#
#.##.#############


You could see a two-headed ogre.

Vanquished Creatures
  A centaur warrior (D:8)
  Pikel (D:7)
  A steam dragon (D:8)
  A water moccasin (D:5)
  An orc warrior (D:6)
  A black bear (D:8)
  A sky beast (D:6)
  An ice beast (D:6)
  2 ogres
  2 lemures (D:7)
  A phantom (D:2)
  2 bullfrogs
  2 scorpions
  4 hounds
  2 orc priests (D:5)
  4 jellies
  2 iguanas (D:7)
  5 orc wizards
  Robin (D:2)
  4 adders
  10 gnolls
  3 shadow imps
  2 white imps (D:7)
  2 worms (D:2)
  8 dart slugs
  26 orcs
  8 bats
  18 endoplasms
  2 giant cockroaches (D:3)
  15 goblins
  5 hobgoblins
  3 quokkas
  8 ball pythons
  4 frilled lizards
  13 kobolds
  4 rats
170 creatures vanquished.

Vanquished Creatures (others)
  6 fungi (D:2)
  7 toadstools (D:2)
13 creatures vanquished.

Grand Total: 183 creatures vanquished

Notes
Turn   | Place    | Note
-------+----------+-------------------------------------------
     0 | D:1      | kae the Ogre Air Elementalist began the quest for the Orb.
     0 | D:1      | Reached XP level 1. HP: 16/16 MP: 3/3
    82 | D:1      | Reached skill level 1 in Conjurations
   350 | D:1      | Reached XP level 2. HP: 24/24 MP: 1/5
   403 | D:1      | Reached skill level 3 in Air Magic
   826 | D:1      | Reached XP level 3. HP: 30/31 MP: 0/7
   829 | D:1      | Learned a level 2 spell: Static Discharge
   907 | D:1      | Learned a level 3 spell: Swiftness
  1959 | D:2      | Reached XP level 4. HP: 26/39 MP: 1/8
  2209 | D:2      | Found the ring of the Tortoise {AC+8}
  2482 | D:2      | Reached skill level 4 in Air Magic
  2482 | D:2      | Reached XP level 5. HP: 45/45 MP: 3/10
  2624 | D:2      | Found a faded altar of an unknown god.
  2897 | D:2      | Noticed a phantom
  2998 | D:1      | Learned a level 4 spell: Airstrike
  3008 | D:2      | Killed a phantom
  3219 | D:2      | Noticed Robin
  3225 | D:2      | Reached XP level 6. HP: 50/53 MP: 11/11
  3608 | D:2      | Killed Robin
  4717 | D:3      | Paralysed by an orc for 5 turns
  5133 | D:3      | Reached skill level 5 in Air Magic
  5609 | D:4      | Reached XP level 7. HP: 59/59 MP: 5/13
  5738 | D:4      | Identified the +1 robe of Mafri {rF+ Int+5}
  5957 | D:4      | Found a staircase to the Ecumenical Temple.
  5991 | Temple   | Entered the Ecumenical Temple
  6262 | Temple   | Became a worshipper of Gozag Ym Sagoz the Greedy
  6313 | D:5      | Entered Level 5 of the Dungeon
  6373 | D:5      | Found a broken altar of Ashenzari.
  6665 | D:5      | Reached skill level 5 in Spellcasting
  6953 | D:5      | Reached skill level 6 in Air Magic
  7105 | D:5      | Reached XP level 8. HP: 67/67 MP: 11/15
  7897 | D:6      | Reached skill level 7 in Air Magic
  8006 | D:6      | Found Xekhlus's Weapon Shoppe.
  8643 | D:6      | Found Xekhlus's Weapon Shoppe.
  9061 | D:7      | Noticed Pikel
  9970 | D:7      | Reached skill level 5 in Conjurations
 10078 | D:7      | Killed Pikel
 10079 | D:7      | Reached skill level 8 in Air Magic
 10079 | D:7      | Reached XP level 9. HP: 70/74 MP: 6/19
 10958 | D:8      | Noticed a centaur warrior
 10971 | D:8      | Killed a centaur warrior
 10972 | D:8      | Reached skill level 9 in Air Magic
 11134 | D:8      | Noticed a two-headed ogre
 11145 | D:8      | Mangled by a two-headed ogre

Illustrated notes

Levels and vault maps discovered:
D:1:      dpeg_arrival_boxorama, layout_basic, minmay_three_crescents
D:2:      cheibrodos_fertilizer, layout_basic, basic_ecumenical_altar,
          st_stairs_11, grunt_ministairs_5, uniq_robin
D:3:      layout_rooms, minmay_misc_feat_rows
D:4:      layout_rooms, temple_statues
D:5:      layout_loops_cross, ashenzari_altar_1
D:6:      layout_cave_pools, serial_shops, nicolae_shop_bloodbath_and_beyond
D:7:      layout_layer_cave, uniq_pikel
D:8:      layout_basic
Temple:   mainiacjoe_temple_archimedes_tessellation

Skill      XL: |  1  2  3  4  5  6  7  8  9 |
---------------+----------------------------+-----
Conjurations   | 1 2 3 5 6 |  6.0
Air Magic      | 3 4 5 6 8 9 |  9.1
Spellcasting   | 3 4 5 6 7 |  7.6
Dodging        | |  1.7
Stealth        | |  1.4

Action                   |  1- 3 |  4- 6 |  7- 9 || total
-------------------------+-------+-------+-------++-------
Melee: Staff             |    47 |    23 |     3 ||    73
 Cast: Shock             |    63 |   173 |   134 ||   370
       Static Discharge  |     3 |    22 |    10 ||    35
       Airstrike         |       |       |    41 ||    41
       Swiftness         |       |       |     1 ||     1
  Use: Scroll            |     1 |     6 |    11 ||    18
       Potion            |       |     2 |     4 ||     6
Armor: Robe              |    28 |    30 |    36 ||    94
Dodge: Dodged            |    35 |    48 |    27 ||   110

Table legend: (Time is in decaauts)
 A = Elapsed time spent in this place.
 B = Non-inter-level travel time spent in this place.
 C = Inter-level travel time spent in this place.
 D = Time resting spent in this place.
 E = Time spent auto-exploring this place.
 F = Levels seen in this place.
 G = Mean time per level.
                   A        B        C        D        E       F      G
               +--------+--------+--------+--------+--------+-----+--------+
         Total |  11168 |  10698 |    470 |   2110 |   7306 |   9 | 1240.9 |
       Dungeon |  10868 |  10467 |    401 |   2110 |   7093 |   8 | 1358.5 |
        Temple |    299 |    231 |     68 |      0 |    213 |   1 |  299.0 |
               +--------+--------+--------+--------+--------+-----+--------+

Top non-repeatable levels by time:
     D:2: 2231 daAuts
     D:1: 1913 daAuts
     D:7: 1515 daAuts
     D:6: 1199 daAuts
     D:5: 1175 daAuts
     D:3: 1120 daAuts
     D:8: 864 daAuts
     D:4: 846 daAuts
  Temple: 299 daAuts
